AoeStats
← Scol1ng

Arena

509328182Analyzed
4v4 RM · 7d ago on Sep 26, 2026· 48m 11s· 8 players
Game mode
Random Map
Map size
Large (8 player)
Population
200
Speed
Normal
Resources
Standard
Victory
Conquest
Starting age
Dark Age
Ending age
Imperial Age
RankedLock teamsTeams togetherTeam positionsShared explorationLock speedFull tech treeHidden civsTurbo modeCheats
Victory
Defeat
🇵🇰 Wei · Pakistan
1589
+14
🇹🇼 Vikings · Taiwan
1457
+19
🇭🇰 Celts · Hong Kong SAR China
1447
+19
🇨🇳 Georgians · China
1408
+21
🇩🇪 Teutons · Germany
1670
-24
🇩🇪 Armenians · Germany
1563
-20
🇩🇪 Varangians · Germany
1468
-16
🇩🇪 Franks · Germany
1404
-13
Freegan
3:43 Loom
11:07 Feudal Age
16:19 Castle Age
15:06 Horse Collar
15:12 Double-Bit Axe
42:52 Imperial Age
41:05 Bow Saw
40:57 Heavy Plow
41:27 Gold Mining
41:27 Stone Mining
41:54 Forging
master
10:30 Feudal Age
9:02 Loom
11:26 Horse Collar
12:02 Double-Bit Axe
12:32 Fletching
21:29 Castle Age
22:56 Town Watch
23:17 Heavy Plow
29:10 Scale Mail Armor
29:23 Forging
29:15 Squires
29:12 Gold Mining
29:13 Stone Mining
31:59 Imperial Age
29:15 Man-at-Arms
30:12 Chain Mail Armor
30:56 Stone Mining
30:57 Gold Mining
31:09 Arson
31:20 Pikeman
34:01 Bodkin Arrow
33:41 Crossbowman
34:36 Padded Archer Armor
35:26 Bracer
38:16 Chemistry
36:55 Arbalester
39:22 Capped Ram
41:26 Ballistics
42:27 Plate Mail Armor
41:26 Siege Ram
43:13 Bogsveigar
44:01 Bow Saw
45:13 Conscription
46:51 Iron Casting
narutoshery
10:44 Feudal Age
14:27 Castle Age
12:45 Double-Bit Axe
13:00 Horse Collar
15:27 Bow Saw
16:20 Heavy Plow
19:51 Wheelbarrow
19:02 Loom
21:31 Stone Mining
21:35 Gold Mining
22:40 Hand Cart
28:27 Imperial Age
27:02 Scale Barding Armor
27:08 Forging
28:33 Gold Shaft Mining
29:11 Chain Barding Armor
29:28 Iron Casting
29:19 Bloodlines
29:09 Husbandry
29:33 Elite Tiger Cavalry
31:29 Blast Furnace
31:29 Conscription
33:37 Ming Guang Armor
34:03 Tuntian
34:39 Masonry
35:31 Chemistry
40:25 Crop Rotation
40:51 Stone Shaft Mining
43:28 Light Cavalry
Boss
9:42 Feudal Age
13:43 Castle Age
11:35 Double-Bit Axe
12:52 Horse Collar
16:40 Bow Saw
22:05 Wheelbarrow
22:10 Heavy Plow
22:16 Loom
24:46 Gold Mining
24:47 Stone Mining
26:41 Stone Shaft Mining
26:51 Hand Cart
29:11 Imperial Age
27:16 Bloodlines
27:07 Husbandry
27:20 Scale Barding Armor
27:26 Forging
28:40 Chain Barding Armor
29:41 Iron Casting
30:32 Conscription
30:51 Plate Barding Armor
32:39 Blast Furnace
31:14 Elite Monaspa
32:34 Guilds
32:55 Coinage
35:33 Chemistry
34:27 Fletching
35:12 Bodkin Arrow
35:39 Ballistics
35:51 Banking
35:57 Aznauri Cavalry
36:27 Svan Towers
36:13 Treadmill Crane
37:19 Guard Tower
37:52 Bracer
38:51 Keep
38:28 Arrowslits
38:40 Murder Holes
39:31 Masonry
40:32 Town Watch
41:16 Town Patrol
44:16 Architecture
43:51 Siege Engineers
105er.DarkSheep
10:28 Feudal Age
14:29 Castle Age
12:29 Double-Bit Axe
16:01 Bow Saw
19:31 Light Cavalry
20:12 Husbandry
23:25 Wheelbarrow
23:22 Fervor
23:47 Gold Mining
25:44 Town Watch
28:36 Hand Cart
32:16 Imperial Age
30:08 Scale Barding Armor
30:58 Forging
32:06 Chain Barding Armor
32:23 Iron Casting
31:56 Loom
32:26 Cavalier
33:42 Plate Barding Armor
35:33 Blast Furnace
37:33 Paladin
38:51 Fletching
41:06 Chemistry
43:18 Caravan
46:44 Bodkin Arrow
Scol1ng
6:32 Loom
8:55 Feudal Age
10:00 Double-Bit Axe
13:37 Fletching
14:40 Horse Collar
22:17 Castle Age
23:10 Scale Barding Armor
22:57 Gold Mining
23:29 Bow Saw
24:49 Heavy Plow
24:36 Town Watch
26:13 Bloodlines
26:53 Wheelbarrow
28:10 Chain Barding Armor
34:50 Bodkin Arrow
37:30 Imperial Age
35:08 Squires
34:28 Pikeman
34:54 Arson
35:30 Scale Mail Armor
35:40 Forging
35:55 Squires
36:31 Chain Mail Armor
38:04 Iron Casting
38:01 Hand Cart
37:36 Halberdier
39:37 Conscription
40:27 Chemistry
40:52 Plate Mail Armor
41:22 Blast Furnace
41:56 Blast Furnace
Scol1ng
6:17 Loom
8:06 Feudal Age
9:00 Double-Bit Axe
10:10 Stone Mining
10:30 Horse Collar
13:19 Town Watch
14:48 Wheelbarrow
19:18 Castle Age
21:05 Bow Saw
22:01 Heavy Plow
27:04 Gold Mining
28:11 Hand Cart
31:44 Imperial Age
30:51 Scale Mail Armor
31:15 Fortified Wall
31:16 Masonry
30:47 Treadmill Crane
32:14 Squires
31:35 Pikeman
33:39 Chain Mail Armor
33:34 Forging
33:56 Conscription
33:49 Halberdier
35:53 Plate Mail Armor
35:58 Iron Casting
37:31 Arson
39:41 Blast Furnace
38:32 Fletching
39:04 Fletching
39:19 Crossbowman
41:34 Bodkin Arrow
Ned Stark's Bastard
10:32 Feudal Age
8:49 Loom
14:10 Castle Age
12:08 Double-Bit Axe
14:18 Fletching
20:48 Horse Collar
26:30 Wheelbarrow
29:37 Bodkin Arrow
29:43 Padded Archer Armor
29:55 Bloodlines
29:45 Husbandry
31:24 Ballistics
34:21 Imperial Age
32:41 Leather Archer Armor
33:08 Hand Cart
32:52 Treadmill Crane
35:10 Bracer
36:17 Chemistry
36:15 Ring Archer Armor
36:55 Cranequins
38:24 Gold Mining
38:24 Stone Mining
39:39 Loom
39:40 Town Watch
39:25 Capped Ram
40:58 Heavy Mounted Crossbowman
Connection lost

Rejoining the realm…

Still unreachable

The connection could not be restored.

Session expired

The server has moved on; the page needs a fresh start.